Workbook

Sheet October 2017
A1: Check Number | D1: Check Date | E1: Vendor Name | G1: Transaction Amount | U1: Description | V1: Account Name | W1: Department | X1: Division | Y1: Object of Expenditure | AA1: Project Number
A2: 444915 | D2: 42654 | E2: BOB TOMES FORD | G2: 352.64 | U2: BLANKET PURCHASE ORDER | V2: AUTO MAINTENANCE | W2: EQUIPMENT SERVICES | X2: EQUIP SERV-SHARED | Y2: BLANKET PURCHASE ORDER
A3: 445577 | D3: 42661 | G3: 331.36 | U3: BLANKET PURCHASE ORDER | V3: AUTO MAINTENANCE | W3: EQUIPMENT SERVICES | X3: EQUIP SERV-SHARED | Y3: BLANKET PURCHASE ORDER
O5: =SUM(G2:T3) -> 684
A7: 445322 | D7: 42661 | E7: BOB BARKER COMPANY, INC | G7: 2088 | U7: CLOTHING AND APPAREL | V7: DETENTION SUPPLIES | W7: SHERIFF'S OFFICE | X7: JAIL OPS-ADMIN | Y7: CLOTHING AND APPAREL
M9: =SUM(hList_Frame_1!B9:B9) -> 2088
A11: 444826 | D11: 42647 | E11: ECOLAB INC | G11: 688.5 | U11: Credit Inv #3207682 | V11: KITCHEN SUPPLIES | W11: SHERIFF'S OFFICE | X11: JAIL OPS-ADMIN | Y11: Credit Inv #3207682
G12: -688.5 | U12: Inv #2740589 | V12: KITCHEN SUPPLIES | W12: SHERIFF'S OFFICE | X12: JAIL OPS-ADMIN | Y12: Inv #2740589
G13: 345.6 | U13: JANITORIAL SUPPLIES-GEN. | V13: KITCHEN SUPPLIES | W13: SHERIFF'S OFFICE | X13: JAIL OPS-ADMIN | Y13: JANITORIAL SUPPLIES-GEN.
A14: 445578 | D14: 42661 | G14: 1251.85 | U14: PO# 199131 | V14: DETENTION SUPPLIES | W14: SHERIFF'S OFFICE | X14: JAIL OPS-ADMIN | Y14: PO# 199131
M16: =SUM(hList_Frame_1!B10:B13) -> 1597.45
A18: 445323 | D18: 42661 | E18: GIBBS, GREGG M PC | G18: 416.34 | U18: 219-04699-15 | V18: COURT APPOINTED ATTORNEY | W18: COURT APPT REPRESENTATION | X18: COURT APPT REPRESENTATION | Y18: 219-04699-15 | AA18: ID219O
V19: MISCELLANEOUS | W19: COURT APPT REPRESENTATION | X19: COURT APPT REPRESENTATION | AA19: ID219O
G20: 418.75 | U20: 429-55672-10 | V20: COURT APPOINTED ATTORNEY | W20: COURT APPT REPRESENTATION | X20: COURT APPT REPRESENTATION | Y20: 429-55672-10 | AA20: ID429A
O22: =SUM(hList_Frame_1!B14:B16) -> 835.09
A24: 445324 | D24: 42661 | E24: HEIDENHEIMER, MARK | G24: 700 | U24: 401-54890-09 | V24: COURT APPOINTED ATTORNEY | W24: COURT APPT REPRESENTATION | X24: COURT APPT REPRESENTATION | Y24: 401-54890-09 | AA24: ID401O
O26: =SUM(hList_Frame_1!B17:B17) -> 700
A28: 445579 | D28: 42661 | E28: POLLOCK PAPER DISTRIBUTORS | G28: 120 | U28: JANITORIAL SUPPLIES-GEN. | V28: JANITORIAL SUPPLIES | Y28: JANITORIAL SUPPLIES-GEN.
O30: =SUM(hList_Frame_1!B18:B18) -> 120
A32: 444916 | D32: 42654 | E32: THOMASON TIRE INC | G32: 7.95 | U32: AUTO/TRUCK MAINT. ITEMS | V32: GROUNDS EQUIPMENT MAINT | W32: EQUIPMENT SERVICES | X32: EQUIP SERV-SHARED | Y32: AUTO/TRUCK MAINT. ITEMS
G33: 75 | U33: BLANKET PURCHASE ORDER | V33: HEAVY EQUIPMENT REPAIR | W33: EQUIPMENT SERVICES | X33: EQUIP SERV-SHARED | Y33: BLANKET PURCHASE ORDER
G34: -40 | U34: INV# 1-386727 | V34: HEAVY EQUIPMENT REPAIR | W34: EQUIPMENT SERVICES | X34: EQUIP SERV-SHARED | Y34: INV# 1-386727
R36: =SUM(G32:T34) -> 42.95
A38: 444917 | D38: 42654 | E38: WEST PUBLISHING CORPORATION | G38: 4387.5 | U38: req#231199 | V38: LIBRARY UPDATES | W38: BUDGET | X38: LAW LIBRARY-ADMIN | Y38: req#231199
A39: 444918 | D39: 42654 | G39: 4988.24 | U39: req#231198 | V39: COMMUNICATION LINE LEASE | W39: BUDGET | X39: LAW LIBRARY-ADMIN | Y39: req#231198
A40: 444919 | D40: 42654 | G40: 45 | U40: PUBLICATIONS/AUDIOVISUALS | V40: DUES & SUBSCRIPTIONS | W40: UNALLOCATED | X40: NON-DEPARTMENTAL | Y40: PUBLICATIONS/AUDIOVISUALS
A41: 445325 | D41: 42661 | G41: 116 | U41: PUBLICATIONS/AUDIOVISUALS | V41: DUES & SUBSCRIPTIONS | W41: UNALLOCATED | X41: NON-DEPARTMENTAL | Y41: PUBLICATIONS/AUDIOVISUALS
M43: =SUM(G38:T41) -> 9536.74
A45: 444920 | D45: 42654 | E45: PLANO POWER EQUIPMENT | G45: 226.13 | U45: BLANKET PURCHASE ORDER | V45: GROUNDS EQUIPMENT MAINT | W45: EQUIPMENT SERVICES | X45: EQUIP SERV-SHARED | Y45: BLANKET PURCHASE ORDER
A46: 445235 | D46: 42654 | G46: 164.12 | U46: PO# 199262 | V46: GROUNDS EQUIPMENT MAINT | W46: EQUIPMENT SERVICES | X46: EQUIP SERV-SHARED | Y46: PO# 199262
G47: 988.44 | U47: PO# 199263 | V47: GROUNDS EQUIPMENT MAINT | W47: EQUIPMENT SERVICES | X47: EQUIP SERV-SHARED | Y47: PO# 199263
M49: =SUM(hList_Frame_1!B28:B30) -> 1378.69
A51: 444921 | D51: 42654 | E51: GEBO CREDIT CORPORATION | G51: 179.98 | U51: PUBLIC WORK | V51: MAJOR ROAD CONSTRUCTION | W51: PUBLIC WORKS | X51: R&B - ADMIN | Y51: PUBLIC WORK
A52: 445236 | D52: 42654 | G52: 6.99 | U52: BLANKET PURCHASE ORDER | V52: ANIMAL CARE | W52: ANIMAL SHELTER | X52: ANIMAL SHELTER-ADMIN | Y52: BLANKET PURCHASE ORDER
A53: 445326 | D53: 42661 | G53: 7.99 | U53: REQ# 231261 | V53: SMALL TOOLS | W53: PUBLIC WORKS | X53: R&B - ADMIN | Y53: REQ# 231261
A54: 445580 | D54: 42661 | G54: 79.99 | U54: PO# 199054 | V54: MAJOR ROAD CONSTRUCTION | W54: PUBLIC WORKS | X54: R&B - ADMIN | Y54: PO# 199054
O56: =SUM(hList_Frame_1!B31:B34) -> 274.95
A58: 444922 | D58: 42654 | E58: BEN E KEITH DFW | G58: 125.23 | U58: EDIBLE FOODS, STAPLE | V58: FOOD SUPPLIES | W58: SHERIFF'S OFFICE | X58: MINIMUM SECURITY | Y58: EDIBLE FOODS, STAPLE
A59: 445237 | D59: 42654 | G59: 5230 | U59: EDIBLE FOODS, STAPLE | V59: JAIL FOOD | Y59: EDIBLE FOODS, STAPLE
V60: MINIMUM SECURITY FOOD
G61: 2728.56 | U61: FOODS, PERISHABLE | V61: JAIL FOOD | Y61: FOODS, PERISHABLE
V62: MINIMUM SECURITY FOOD
G63: 485.05 | U63: FOODS, READY-TO-EAT | V63: JAIL FOOD | Y63: FOODS, READY-TO-EAT
V64: MINIMUM SECURITY FOOD
A65: 445581 | D65: 42661 | G65: 5632.85 | U65: EDIBLE FOODS, STAPLE | V65: JAIL FOOD | Y65: EDIBLE FOODS, STAPLE
V66: MINIMUM SECURITY FOOD
G67: 3971 | U67: FOODS, PERISHABLE | V67: JAIL FOOD | Y67: FOODS, PERISHABLE
V68: MINIMUM SECURITY FOOD
G69: 1012.1 | U69: FOODS, READY-TO-EAT | V69: JAIL FOOD | Y69: FOODS, READY-TO-EAT
V70: MINIMUM SECURITY FOOD
G71: 14.98 | U71: HARDWARE: SHELF & ALLIED | V71: MINIMUM SECURITY FOOD | Y71: HARDWARE: SHELF & ALLIED
K73: =SUM(hList_Frame_1!B35:B48) -> 19199.77
A75: 445327 | D75: 42661 | E75: ROACH, JOHN R JR | G75: 131.22 | V75: TRAVEL REIMBURSEMENT | W75: DISTRICT COURTS | X75: GRANT - TVC VET'S COURT | AA75: GT192C
O77: =SUM(hList_Frame_1!B49:B49) -> 131.22
A79: 445582 | D79: 42661 | E79: IBM | G79: 28731.47 | U79: DP SERV/SOFTWARE PURCHASE | V79: SOFTWARE MAINTENANCE | W79: UNALLOCATED | X79: NON-DEPARTMENTAL | Y79: DP SERV/SOFTWARE PURCHASE
K81: =SUM(hList_Frame_1!B50:B50) -> 28731.47
A83: 445238 | D83: 42654 | E83: POSTMASTER MCKINNEY | G83: 6000 | V83: POSTAGE | W83: BUDGET | X83: SUPPORT SERVICES - SHARED
M85: =SUM(hList_Frame_1!B51:B51) -> 6000
A87: 445328 | D87: 42661 | E87: KEMP, STACEY | G87: 344.12 | U87: s kemp-san marcos, tx | V87: EDUCATION & CONFERENCE | W87: COUNTY CLERK | X87: COUNTY CLERK-ADMIN | Y87: s kemp-san marcos, tx
V88: TRAVEL ADVANCES
O90: =SUM(hList_Frame_1!B52:B53) -> 344.12
A92: 444827 | D92: 42647 | E92: BILYEU, BILL | G92: 1359.77 | U92: b bilyeu-kansas city,ks | V92: EDUCATION & CONFERENCE | W92: ADMINISTRATIVE SERVICES | X92: ADMINISTRATIVE SERV-ADMIN | Y92: b bilyeu-kansas city,ks
M94: =SUM(hList_Frame_1!B54:B54) -> 1359.77
A96: 444923 | D96: 42654 | E96: COLLIN COUNTY COMMUNITY COLLEG | G96: 25 | U96: MISCELLANEOUS SERVICES | V96: EDUCATION & CONFERENCE | W96: COUNTY COURTS | X96: CCL6-ADMIN | Y96: MISCELLANEOUS SERVICES
R98: =SUM(hList_Frame_1!B55:B55) -> 25
A100: 444828 | D100: 42647 | E100: OFFICE DEPOT | G100: 228.52 | U100: OFFICE SUPPLIES (GENERAL) | V100: OFFICE SUPPLIES | W100: BUDGET | X100: SUPPORT SERVICES - ADMIN | Y100: OFFICE SUPPLIES (GENERAL)
W101: INFORMATION TECHNOLOGY | X101: IT-ADMIN
G102: 3834 | U102: PAPER(OFFICE/PRINT SHOP) | V102: COPIER SUPPLIES | W102: BUDGET | X102: SUPPORT SERVICES - SHARED | Y102: PAPER(OFFICE/PRINT SHOP)
A103: 444924 | D103: 42654 | G103: 567.8 | U103: OFFICE SUPPLIES (GENERAL) | V103: OFFICE SUPPLIES | W103: TAX ASSESSOR/COLLECTOR | X103: TAX A/C - ADMIN | Y103: OFFICE SUPPLIES (GENERAL)
A104: 445239 | D104: 42654 | G104: 4676.02 | U104: IR:PRINTER/PLOTTER/ACCESS | V104: CENTRAL SUPPLY | Y104: IR:PRINTER/PLOTTER/ACCESS
G105: 2768.02 | U105: OFFICE SUPPLIES (GENERAL) | V105: COMPUTER SUPPLIES | W105: BUDGET | X105: SUPPORT SERVICES - SHARED | Y105: OFFICE SUPPLIES (GENERAL)
V106: OFFICE SUPPLIES | W106: ANIMAL SHELTER | X106: ANIMAL CONTROL-ADMIN
W107: COUNTY CLERK | X107: CCLC-ADMIN
X108: COUNTY CLERK-ADMIN
W109: COUNTY COURTS | X109: CCL3-ADMIN
W110: DISTRICT CLERK | X110: JURY MGMT-ADMIN
W111: MEDICAL EXAMINER | X111: ME-ADMIN
A112: 445240 | D112: 42654 | G112: 243.37 | U112: PO#199852 | V112: OFFICE SUPPLIES | W112: CSCD | X112: CSCD-BASIC SUPERVISION | Y112: PO#199852 | AA112: GT226E
A113: 445329 | D113: 42661 | G113: 89.39 | U113: OFFICE SUPPLIES (GENERAL) | V113: OFFICE SUPPLIES | W113: ELECTIONS | X113: ELECTIONS-ADMIN | Y113: OFFICE SUPPLIES (GENERAL)
A114: 445586 | D114: 42661 | G114: 52.55 | U114: CARBON PAPER & RIBBONS | V114: COMPUTER SUPPLIES | W114: BUDGET | X114: SUPPORT SERVICES - SHARED | Y114: CARBON PAPER & RIBBONS
G115: 6405.06 | U115: OFFICE SUPPLIES (GENERAL) | V115: ELECTION SUPPLIES | W115: ELECTIONS | X115: ELECTIONS-ADMIN | Y115: OFFICE SUPPLIES (GENERAL)
V116: OFFICE SUPPLIES | W116: ADMINISTRATIVE SERVICES | X116: ADMINISTRATIVE SERV-ADMIN
W117: ANIMAL SHELTER | X117: ANIMAL CONTROL-ADMIN
W118: CONSTABLES | X118: C3-ADMIN
W119: COUNTY AUDITOR | X119: AUDITOR - ADMIN
W120: COUNTY CLERK | X120: CCLC-ADMIN
X121: COUNTY CLERK-ADMIN
X122: TREASURY - ADMIN
W123: COUNTY COURTS | X123: CCL5-ADMIN
X124: PROBATE-ADMIN
W125: DISTRICT ATTORNEY | X125: DA-ADMIN
W126: DISTRICT CLERK | X126: DIST CLERK-ADMIN
W127: DISTRICT COURTS | X127: 199TH DC-ADMIN
X128: 219TH DC-ADMIN
X129: 469TH DC-ADMIN
W130: FACILITIES & PARKS | X130: CONST & PROJ - ADMIN
W131: FIRE MARSHAL | X131: FIRE MARSHAL-ADMIN
W132: HUMAN RESOURCES | X132: HR - ADMIN
W133: INFORMATION TECHNOLOGY | X133: IT-ADMIN
X134: TELECOM - ADMIN
...

Sheet hList_Frame_1
A1: =IF(ISBLANK('October 2017'!A2),"",IF(ISTEXT('October 2017'!A2),0,'October 2017'!A2)) -> 444915 | B1: =IF(ISBLANK('October 2017'!G2),"",IF(ISTEXT('October 2017'!G2),0,'October 2017'!G2)) -> 352.64
A2: =IF(ISBLANK('October 2017'!#REF!),"",IF(ISTEXT('October 2017'!#REF!),0,'October 2017'!#REF!)) -> #REF! | B2: =IF(ISBLANK('October 2017'!#REF!),"",IF(ISTEXT('October 2017'!#REF!),0,'October 2017'!#REF!)) -> #REF!
A3: =IF(ISBLANK('October 2017'!A3),"",IF(ISTEXT('October 2017'!A3),0,'October 2017'!A3)) -> 445577 | B3: =IF(ISBLANK('October 2017'!G3),"",IF(ISTEXT('October 2017'!G3),0,'October 2017'!G3)) -> 331.36
A4: =IF(ISBLANK('October 2017'!#REF!),"",IF(ISTEXT('October 2017'!#REF!),0,'October 2017'!#REF!)) -> #REF! | B4: =IF(ISBLANK('October 2017'!#REF!),"",IF(ISTEXT('October 2017'!#REF!),0,'October 2017'!#REF!)) -> #REF!
A5: =IF(ISBLANK('October 2017'!#REF!),"",IF(ISTEXT('October 2017'!#REF!),0,'October 2017'!#REF!)) -> #REF! | B5: =IF(ISBLANK('October 2017'!#REF!),"",IF(ISTEXT('October 2017'!#REF!),0,'October 2017'!#REF!)) -> #REF!
A6: =IF(ISBLANK('October 2017'!#REF!),"",IF(ISTEXT('October 2017'!#REF!),0,'October 2017'!#REF!)) -> #REF! | B6: =IF(ISBLANK('October 2017'!#REF!),"",IF(ISTEXT('October 2017'!#REF!),0,'October 2017'!#REF!)) -> #REF!
A7: =IF(ISBLANK('October 2017'!#REF!),"",IF(ISTEXT('October 2017'!#REF!),0,'October 2017'!#REF!)) -> #REF! | B7: =IF(ISBLANK('October 2017'!#REF!),"",IF(ISTEXT('October 2017'!#REF!),0,'October 2017'!#REF!)) -> #REF!
A8: =IF(ISBLANK('October 2017'!#REF!),"",IF(ISTEXT('October 2017'!#REF!),0,'October 2017'!#REF!)) -> #REF! | B8: =IF(ISBLANK('October 2017'!#REF!),"",IF(ISTEXT('October 2017'!#REF!),0,'October 2017'!#REF!)) -> #REF!
A9: =IF(ISBLANK('October 2017'!A7),"",IF(ISTEXT('October 2017'!A7),0,'October 2017'!A7)) -> 445322 | B9: =IF(ISBLANK('October 2017'!G7),"",IF(ISTEXT('October 2017'!G7),0,'October 2017'!G7)) -> 2088
A10: =IF(ISBLANK('October 2017'!A11),"",IF(ISTEXT('October 2017'!A11),0,'October 2017'!A11)) -> 444826 | B10: =IF(ISBLANK('October 2017'!G11),"",IF(ISTEXT('October 2017'!G11),0,'October 2017'!G11)) -> 688.5
A11: =IF(ISBLANK('October 2017'!A12),"",IF(ISTEXT('October 2017'!A12),0,'October 2017'!A12)) | B11: =IF(ISBLANK('October 2017'!G12),"",IF(ISTEXT('October 2017'!G12),0,'October 2017'!G12)) -> -688.5
A12: =IF(ISBLANK('October 2017'!A13),"",IF(ISTEXT('October 2017'!A13),0,'October 2017'!A13)) | B12: =IF(ISBLANK('October 2017'!G13),"",IF(ISTEXT('October 2017'!G13),0,'October 2017'!G13)) -> 345.6
A13: =IF(ISBLANK('October 2017'!A14),"",IF(ISTEXT('October 2017'!A14),0,'October 2017'!A14)) -> 445578 | B13: =IF(ISBLANK('October 2017'!G14),"",IF(ISTEXT('October 2017'!G14),0,'October 2017'!G14)) -> 1251.85
A14: =IF(ISBLANK('October 2017'!A18),"",IF(ISTEXT('October 2017'!A18),0,'October 2017'!A18)) -> 445323 | B14: =IF(ISBLANK('October 2017'!G18),"",IF(ISTEXT('October 2017'!G18),0,'October 2017'!G18)) -> 416.34
A15: =IF(ISBLANK('October 2017'!A19),"",IF(ISTEXT('October 2017'!A19),0,'October 2017'!A19)) | B15: =IF(ISBLANK('October 2017'!G19),"",IF(ISTEXT('October 2017'!G19),0,'October 2017'!G19))
A16: =IF(ISBLANK('October 2017'!A20),"",IF(ISTEXT('October 2017'!A20),0,'October 2017'!A20)) | B16: =IF(ISBLANK('October 2017'!G20),"",IF(ISTEXT('October 2017'!G20),0,'October 2017'!G20)) -> 418.75
A17: =IF(ISBLANK('October 2017'!A24),"",IF(ISTEXT('October 2017'!A24),0,'October 2017'!A24)) -> 445324 | B17: =IF(ISBLANK('October 2017'!G24),"",IF(ISTEXT('October 2017'!G24),0,'October 2017'!G24)) -> 700
A18: =IF(ISBLANK('October 2017'!A28),"",IF(ISTEXT('October 2017'!A28),0,'October 2017'!A28)) -> 445579 | B18: =IF(ISBLANK('October 2017'!G28),"",IF(ISTEXT('October 2017'!G28),0,'October 2017'!G28)) -> 120
A19: =IF(ISBLANK('October 2017'!A32),"",IF(ISTEXT('October 2017'!A32),0,'October 2017'!A32)) -> 444916 | B19: =IF(ISBLANK('October 2017'!G32),"",IF(ISTEXT('October 2017'!G32),0,'October 2017'!G32)) -> 7.95
A20: =IF(ISBLANK('October 2017'!A33),"",IF(ISTEXT('October 2017'!A33),0,'October 2017'!A33)) | B20: =IF(ISBLANK('October 2017'!G33),"",IF(ISTEXT('October 2017'!G33),0,'October 2017'!G33)) -> 75
A21: =IF(ISBLANK('October 2017'!A34),"",IF(ISTEXT('October 2017'!A34),0,'October 2017'!A34)) | B21: =IF(ISBLANK('October 2017'!G34),"",IF(ISTEXT('October 2017'!G34),0,'October 2017'!G34)) -> -40
A22: =IF(ISBLANK('October 2017'!#REF!),"",IF(ISTEXT('October 2017'!#REF!),0,'October 2017'!#REF!)) -> #REF! | B22: =IF(ISBLANK('October 2017'!#REF!),"",IF(ISTEXT('October 2017'!#REF!),0,'October 2017'!#REF!)) -> #REF!
A23: =IF(ISBLANK('October 2017'!A38),"",IF(ISTEXT('October 2017'!A38),0,'October 2017'!A38)) -> 444917 | B23: =IF(ISBLANK('October 2017'!G38),"",IF(ISTEXT('October 2017'!G38),0,'October 2017'!G38)) -> 4387.5
A24: =IF(ISBLANK('October 2017'!A39),"",IF(ISTEXT('October 2017'!A39),0,'October 2017'!A39)) -> 444918 | B24: =IF(ISBLANK('October 2017'!G39),"",IF(ISTEXT('October 2017'!G39),0,'October 2017'!G39)) -> 4988.24
A25: =IF(ISBLANK('October 2017'!A40),"",IF(ISTEXT('October 2017'!A40),0,'October 2017'!A40)) -> 444919 | B25: =IF(ISBLANK('October 2017'!G40),"",IF(ISTEXT('October 2017'!G40),0,'October 2017'!G40)) -> 45
A26: =IF(ISBLANK('October 2017'!A41),"",IF(ISTEXT('October 2017'!A41),0,'October 2017'!A41)) -> 445325 | B26: =IF(ISBLANK('October 2017'!G41),"",IF(ISTEXT('October 2017'!G41),0,'October 2017'!G41)) -> 116
A27: =IF(ISBLANK('October 2017'!#REF!),"",IF(ISTEXT('October 2017'!#REF!),0,'October 2017'!#REF!)) -> #REF! | B27: =IF(ISBLANK('October 2017'!#REF!),"",IF(ISTEXT('October 2017'!#REF!),0,'October 2017'!#REF!)) -> #REF!
A28: =IF(ISBLANK('October 2017'!A45),"",IF(ISTEXT('October 2017'!A45),0,'October 2017'!A45)) -> 444920 | B28: =IF(ISBLANK('October 2017'!G45),"",IF(ISTEXT('October 2017'!G45),0,'October 2017'!G45)) -> 226.13
A29: =IF(ISBLANK('October 2017'!A46),"",IF(ISTEXT('October 2017'!A46),0,'October 2017'!A46)) -> 445235 | B29: =IF(ISBLANK('October 2017'!G46),"",IF(ISTEXT('October 2017'!G46),0,'October 2017'!G46)) -> 164.12
A30: =IF(ISBLANK('October 2017'!A47),"",IF(ISTEXT('October 2017'!A47),0,'October 2017'!A47)) | B30: =IF(ISBLANK('October 2017'!G47),"",IF(ISTEXT('October 2017'!G47),0,'October 2017'!G47)) -> 988.44
A31: =IF(ISBLANK('October 2017'!A51),"",IF(ISTEXT('October 2017'!A51),0,'October 2017'!A51)) -> 444921 | B31: =IF(ISBLANK('October 2017'!G51),"",IF(ISTEXT('October 2017'!G51),0,'October 2017'!G51)) -> 179.98
A32: =IF(ISBLANK('October 2017'!A52),"",IF(ISTEXT('October 2017'!A52),0,'October 2017'!A52)) -> 445236 | B32: =IF(ISBLANK('October 2017'!G52),"",IF(ISTEXT('October 2017'!G52),0,'October 2017'!G52)) -> 6.99
A33: =IF(ISBLANK('October 2017'!A53),"",IF(ISTEXT('October 2017'!A53),0,'October 2017'!A53)) -> 445326 | B33: =IF(ISBLANK('October 2017'!G53),"",IF(ISTEXT('October 2017'!G53),0,'October 2017'!G53)) -> 7.99
A34: =IF(ISBLANK('October 2017'!A54),"",IF(ISTEXT('October 2017'!A54),0,'October 2017'!A54)) -> 445580 | B34: =IF(ISBLANK('October 2017'!G54),"",IF(ISTEXT('October 2017'!G54),0,'October 2017'!G54)) -> 79.99
A35: =IF(ISBLANK('October 2017'!A58),"",IF(ISTEXT('October 2017'!A58),0,'October 2017'!A58)) -> 444922 | B35: =IF(ISBLANK('October 2017'!G58),"",IF(ISTEXT('October 2017'!G58),0,'October 2017'!G58)) -> 125.23
A36: =IF(ISBLANK('October 2017'!A59),"",IF(ISTEXT('October 2017'!A59),0,'October 2017'!A59)) -> 445237 | B36: =IF(ISBLANK('October 2017'!G59),"",IF(ISTEXT('October 2017'!G59),0,'October 2017'!G59)) -> 5230
A37: =IF(ISBLANK('October 2017'!A60),"",IF(ISTEXT('October 2017'!A60),0,'October 2017'!A60)) | B37: =IF(ISBLANK('October 2017'!G60),"",IF(ISTEXT('October 2017'!G60),0,'October 2017'!G60))
A38: =IF(ISBLANK('October 2017'!A61),"",IF(ISTEXT('October 2017'!A61),0,'October 2017'!A61)) | B38: =IF(ISBLANK('October 2017'!G61),"",IF(ISTEXT('October 2017'!G61),0,'October 2017'!G61)) -> 2728.56
A39: =IF(ISBLANK('October 2017'!A62),"",IF(ISTEXT('October 2017'!A62),0,'October 2017'!A62)) | B39: =IF(ISBLANK('October 2017'!G62),"",IF(ISTEXT('October 2017'!G62),0,'October 2017'!G62))
A40: =IF(ISBLANK('October 2017'!A63),"",IF(ISTEXT('October 2017'!A63),0,'October 2017'!A63)) | B40: =IF(ISBLANK('October 2017'!G63),"",IF(ISTEXT('October 2017'!G63),0,'October 2017'!G63)) -> 485.05
A41: =IF(ISBLANK('October 2017'!A64),"",IF(ISTEXT('October 2017'!A64),0,'October 2017'!A64)) | B41: =IF(ISBLANK('October 2017'!G64),"",IF(ISTEXT('October 2017'!G64),0,'October 2017'!G64))
A42: =IF(ISBLANK('October 2017'!A65),"",IF(ISTEXT('October 2017'!A65),0,'October 2017'!A65)) -> 445581 | B42: =IF(ISBLANK('October 2017'!G65),"",IF(ISTEXT('October 2017'!G65),0,'October 2017'!G65)) -> 5632.85
A43: =IF(ISBLANK('October 2017'!A66),"",IF(ISTEXT('October 2017'!A66),0,'October 2017'!A66)) | B43: =IF(ISBLANK('October 2017'!G66),"",IF(ISTEXT('October 2017'!G66),0,'October 2017'!G66))
A44: =IF(ISBLANK('October 2017'!A67),"",IF(ISTEXT('October 2017'!A67),0,'October 2017'!A67)) | B44: =IF(ISBLANK('October 2017'!G67),"",IF(ISTEXT('October 2017'!G67),0,'October 2017'!G67)) -> 3971
A45: =IF(ISBLANK('October 2017'!A68),"",IF(ISTEXT('October 2017'!A68),0,'October 2017'!A68)) | B45: =IF(ISBLANK('October 2017'!G68),"",IF(ISTEXT('October 2017'!G68),0,'October 2017'!G68))
A46: =IF(ISBLANK('October 2017'!A69),"",IF(ISTEXT('October 2017'!A69),0,'October 2017'!A69)) | B46: =IF(ISBLANK('October 2017'!G69),"",IF(ISTEXT('October 2017'!G69),0,'October 2017'!G69)) -> 1012.1
... A48: =IF(ISBLANK('October 2017'!A71),"",IF(ISTEXT('October 2017'!A71),0,'October 2017'!A71)) | B48: =IF(ISBLANK('October 2017'!G71),"",IF(ISTEXT('October 2017'!G71),0,'October 2017'!G71)) -> 14.98
A49: =IF(ISBLANK('October 2017'!A75),"",IF(ISTEXT('October 2017'!A75),0,'October 2017'!A75)) -> 445327 | B49: =IF(ISBLANK('October 2017'!G75),"",IF(ISTEXT('October 2017'!G75),0,'October 2017'!G75)) -> 131.22
A50: =IF(ISBLANK('October 2017'!A79),"",IF(ISTEXT('October 2017'!A79),0,'October 2017'!A79)) -> 445582 | B50: =IF(ISBLANK('October 2017'!G79),"",IF(ISTEXT('October 2017'!G79),0,'October 2017'!G79)) -> 28731.47
A51: =IF(ISBLANK('October 2017'!A83),"",IF(ISTEXT('October 2017'!A83),0,'October 2017'!A83)) -> 445238 | B51: =IF(ISBLANK('October 2017'!G83),"",IF(ISTEXT('October 2017'!G83),0,'October 2017'!G83)) -> 6000
A52: =IF(ISBLANK('October 2017'!A87),"",IF(ISTEXT('October 2017'!A87),0,'October 2017'!A87)) -> 445328 | B52: =IF(ISBLANK('October 2017'!G87),"",IF(ISTEXT('October 2017'!G87),0,'October 2017'!G87)) -> 344.12
A53: =IF(ISBLANK('October 2017'!A88),"",IF(ISTEXT('October 2017'!A88),0,'October 2017'!A88)) | B53: =IF(ISBLANK('October 2017'!G88),"",IF(ISTEXT('October 2017'!G88),0,'October 2017'!G88))
A54: =IF(ISBLANK('October 2017'!A92),"",IF(ISTEXT('October 2017'!A92),0,'October 2017'!A92)) -> 444827 | B54: =IF(ISBLANK('October 2017'!G92),"",IF(ISTEXT('October 2017'!G92),0,'October 2017'!G92)) -> 1359.77
A55: =IF(ISBLANK('October 2017'!A96),"",IF(ISTEXT('October 2017'!A96),0,'October 2017'!A96)) -> 444923 | B55: =IF(ISBLANK('October 2017'!G96),"",IF(ISTEXT('October 2017'!G96),0,'October 2017'!G96)) -> 25
A56: =IF(ISBLANK('October 2017'!A100),"",IF(ISTEXT('October 2017'!A100),0,'October 2017'!A100)) -> 444828 | B56: =IF(ISBLANK('October 2017'!G100),"",IF(ISTEXT('October 2017'!G100),0,'October 2017'!G100)) -> 228.52
A57: =IF(ISBLANK('October 2017'!A101),"",IF(ISTEXT('October 2017'!A101),0,'October 2017'!A101)) | B57: =IF(ISBLANK('October 2017'!G101),"",IF(ISTEXT('October 2017'!G101),0,'October 2017'!G101))
A58: =IF(ISBLANK('October 2017'!A102),"",IF(ISTEXT('October 2017'!A102),0,'October 2017'!A102)) | B58: =IF(ISBLANK('October 2017'!G102),"",IF(ISTEXT('October 2017'!G102),0,'October 2017'!G102)) -> 3834
A59: =IF(ISBLANK('October 2017'!A103),"",IF(ISTEXT('October 2017'!A103),0,'October 2017'!A103)) -> 444924 | B59: =IF(ISBLANK('October 2017'!G103),"",IF(ISTEXT('October 2017'!G103),0,'October 2017'!G103)) -> 567.8
A60: =IF(ISBLANK('October 2017'!#REF!),"",IF(ISTEXT('October 2017'!#REF!),0,'October 2017'!#REF!)) -> #REF! | B60: =IF(ISBLANK('October 2017'!#REF!),"",IF(ISTEXT('October 2017'!#REF!),0,'October 2017'!#REF!)) -> #REF!
A61: =IF(ISBLANK('October 2017'!A104),"",IF(ISTEXT('October 2017'!A104),0,'October 2017'!A104)) -> 445239 | B61: =IF(ISBLANK('October 2017'!G104),"",IF(ISTEXT('October 2017'!G104),0,'October 2017'!G104)) -> 4676.02
A62: =IF(ISBLANK('October 2017'!#REF!),"",IF(ISTEXT('October 2017'!#REF!),0,'October 2017'!#REF!)) -> #REF! | B62: =IF(ISBLANK('October 2017'!#REF!),"",IF(ISTEXT('October 2017'!#REF!),0,'October 2017'!#REF!)) -> #REF!
A63: =IF(ISBLANK('October 2017'!A105),"",IF(ISTEXT('October 2017'!A105),0,'October 2017'!A105)) | B63: =IF(ISBLANK('October 2017'!G105),"",IF(ISTEXT('October 2017'!G105),0,'October 2017'!G105)) -> 2768.02
A64: =IF(ISBLANK('October 2017'!A106),"",IF(ISTEXT('October 2017'!A106),0,'October 2017'!A106)) | B64: =IF(ISBLANK('October 2017'!G106),"",IF(ISTEXT('October 2017'!G106),0,'October 2017'!G106))
A65: =IF(ISBLANK('October 2017'!A107),"",IF(ISTEXT('October 2017'!A107),0,'October 2017'!A107)) | B65: =IF(ISBLANK('October 2017'!G107),"",IF(ISTEXT('October 2017'!G107),0,'October 2017'!G107))
A66: =IF(ISBLANK('October 2017'!#REF!),"",IF(ISTEXT('October 2017'!#REF!),0,'October 2017'!#REF!)) -> #REF! | B66: =IF(ISBLANK('October 2017'!#REF!),"",IF(ISTEXT('October 2017'!#REF!),0,'October 2017'!#REF!)) -> #REF!
A67: =IF(ISBLANK('October 2017'!A108),"",IF(ISTEXT('October 2017'!A108),0,'October 2017'!A108)) | B67: =IF(ISBLANK('October 2017'!G108),"",IF(ISTEXT('October 2017'!G108),0,'October 2017'!G108))
A68: =IF(ISBLANK('October 2017'!A109),"",IF(ISTEXT('October 2017'!A109),0,'October 2017'!A109)) | B68: =IF(ISBLANK('October 2017'!G109),"",IF(ISTEXT('October 2017'!G109),0,'October 2017'!G109))
A69: =IF(ISBLANK('October 2017'!#REF!),"",IF(ISTEXT('October 2017'!#REF!),0,'October 2017'!#REF!)) -> #REF! | B69: =IF(ISBLANK('October 2017'!#REF!),"",IF(ISTEXT('October 2017'!#REF!),0,'October 2017'!#REF!)) -> #REF!
A70: =IF(ISBLANK('October 2017'!A110),"",IF(ISTEXT('October 2017'!A110),0,'October 2017'!A110)) | B70: =IF(ISBLANK('October 2017'!G110),"",IF(ISTEXT('October 2017'!G110),0,'October 2017'!G110))
A71: =IF(ISBLANK('October 2017'!A111),"",IF(ISTEXT('October 2017'!A111),0,'October 2017'!A111)) | B71: =IF(ISBLANK('October 2017'!G111),"",IF(ISTEXT('October 2017'!G111),0,'October 2017'!G111))
A72: =IF(ISBLANK('October 2017'!A112),"",IF(ISTEXT('October 2017'!A112),0,'October 2017'!A112)) -> 445240 | B72: =IF(ISBLANK('October 2017'!G112),"",IF(ISTEXT('October 2017'!G112),0,'October 2017'!G112)) -> 243.37
A73: =IF(ISBLANK('October 2017'!A113),"",IF(ISTEXT('October 2017'!A113),0,'October 2017'!A113)) -> 445329 | B73: =IF(ISBLANK('October 2017'!G113),"",IF(ISTEXT('October 2017'!G113),0,'October 2017'!G113)) -> 89.39
A74: =IF(ISBLANK('October 2017'!A114),"",IF(ISTEXT('October 2017'!A114),0,'October 2017'!A114)) -> 445586 | B74: =IF(ISBLANK('October 2017'!G114),"",IF(ISTEXT('October 2017'!G114),0,'October 2017'!G114)) -> 52.55
A75: =IF(ISBLANK('October 2017'!A115),"",IF(ISTEXT('October 2017'!A115),0,'October 2017'!A115)) | B75: =IF(ISBLANK('October 2017'!G115),"",IF(ISTEXT('October 2017'!G115),0,'October 2017'!G115)) -> 6405.06
A76: =IF(ISBLANK('October 2017'!#REF!),"",IF(ISTEXT('October 2017'!#REF!),0,'October 2017'!#REF!)) -> #REF! | B76: =IF(ISBLANK('October 2017'!#REF!),"",IF(ISTEXT('October 2017'!#REF!),0,'October 2017'!#REF!)) -> #REF!
A77: =IF(ISBLANK('October 2017'!#REF!),"",IF(ISTEXT('October 2017'!#REF!),0,'October 2017'!#REF!)) -> #REF! | B77: =IF(ISBLANK('October 2017'!#REF!),"",IF(ISTEXT('October 2017'!#REF!),0,'October 2017'!#REF!)) -> #REF!
A78: =IF(ISBLANK('October 2017'!#REF!),"",IF(ISTEXT('October 2017'!#REF!),0,'October 2017'!#REF!)) -> #REF! | B78: =IF(ISBLANK('October 2017'!#REF!),"",IF(ISTEXT('October 2017'!#REF!),0,'October 2017'!#REF!)) -> #REF!
A79: =IF(ISBLANK('October 2017'!A116),"",IF(ISTEXT('October 2017'!A116),0,'October 2017'!A116)) | B79: =IF(ISBLANK('October 2017'!G116),"",IF(ISTEXT('October 2017'!G116),0,'October 2017'!G116))
A80: =IF(ISBLANK('October 2017'!#REF!),"",IF(ISTEXT('October 2017'!#REF!),0,'October 2017'!#REF!)) -> #REF! | B80: =IF(ISBLANK('October 2017'!#REF!),"",IF(ISTEXT('October 2017'!#REF!),0,'October 2017'!#REF!)) -> #REF!
A81: =IF(ISBLANK('October 2017'!#REF!),"",IF(ISTEXT('October 2017'!#REF!),0,'October 2017'!#REF!)) -> #REF! | B81: =IF(ISBLANK('October 2017'!#REF!),"",IF(ISTEXT('October 2017'!#REF!),0,'October 2017'!#REF!)) -> #REF!
A82: =IF(ISBLANK('October 2017'!A117),"",IF(ISTEXT('October 2017'!A117),0,'October 2017'!A117)) | B82: =IF(ISBLANK('October 2017'!G117),"",IF(ISTEXT('October 2017'!G117),0,'October 2017'!G117))
A83: =IF(ISBLANK('October 2017'!#REF!),"",IF(ISTEXT('October 2017'!#REF!),0,'October 2017'!#REF!)) -> #REF! | B83: =IF(ISBLANK('October 2017'!#REF!),"",IF(ISTEXT('October 2017'!#REF!),0,'October 2017'!#REF!)) -> #REF!
A84: =IF(ISBLANK('October 2017'!A118),"",IF(ISTEXT('October 2017'!A118),0,'October 2017'!A118)) | B84: =IF(ISBLANK('October 2017'!G118),"",IF(ISTEXT('October 2017'!G118),0,'October 2017'!G118))
A85: =IF(ISBLANK('October 2017'!#REF!),"",IF(ISTEXT('October 2017'!#REF!),0,'October 2017'!#REF!)) -> #REF! | B85: =IF(ISBLANK('October 2017'!#REF!),"",IF(ISTEXT('October 2017'!#REF!),0,'October 2017'!#REF!)) -> #REF!
A86: =IF(ISBLANK('October 2017'!A119),"",IF(ISTEXT('October 2017'!A119),0,'October 2017'!A119)) | B86: =IF(ISBLANK('October 2017'!G119),"",IF(ISTEXT('October 2017'!G119),0,'October 2017'!G119))
A87: =IF(ISBLANK('October 2017'!#REF!),"",IF(ISTEXT('October 2017'!#REF!),0,'October 2017'!#REF!)) -> #REF! | B87: =IF(ISBLANK('October 2017'!#REF!),"",IF(ISTEXT('October 2017'!#REF!),0,'October 2017'!#REF!)) -> #REF!
A88: =IF(ISBLANK('October 2017'!A120),"",IF(ISTEXT('October 2017'!A120),0,'October 2017'!A120)) | B88: =IF(ISBLANK('October 2017'!G120),"",IF(ISTEXT('October 2017'!G120),0,'October 2017'!G120))
A89: =IF(ISBLANK('October 2017'!#REF!),"",IF(ISTEXT('October 2017'!#REF!),0,'October 2017'!#REF!)) -> #REF! | B89: =IF(ISBLANK('October 2017'!#REF!),"",IF(ISTEXT('October 2017'!#REF!),0,'October 2017'!#REF!)) -> #REF!
A90: =IF(ISBLANK('October 2017'!#REF!),"",IF(ISTEXT('October 2017'!#REF!),0,'October 2017'!#REF!)) -> #REF! | B90: =IF(ISBLANK('October 2017'!#REF!),"",IF(ISTEXT('October 2017'!#REF!),0,'October 2017'!#REF!)) -> #REF!
A91: =IF(ISBLANK('October 2017'!A121),"",IF(ISTEXT('October 2017'!A121),0,'October 2017'!A121)) | B91: =IF(ISBLANK('October 2017'!G121),"",IF(ISTEXT('October 2017'!G121),0,'October 2017'!G121))
A92: =IF(ISBLANK('October 2017'!#REF!),"",IF(ISTEXT('October 2017'!#REF!),0,'October 2017'!#REF!)) -> #REF! | B92: =IF(ISBLANK('October 2017'!#REF!),"",IF(ISTEXT('October 2017'!#REF!),0,'October 2017'!#REF!)) -> #REF!
A93: =IF(ISBLANK('October 2017'!A122),"",IF(ISTEXT('October 2017'!A122),0,'October 2017'!A122)) | B93: =IF(ISBLANK('October 2017'!G122),"",IF(ISTEXT('October 2017'!G122),0,'October 2017'!G122))
A94: =IF(ISBLANK('October 2017'!A123),"",IF(ISTEXT('October 2017'!A123),0,'October 2017'!A123)) | B94: =IF(ISBLANK('October 2017'!G123),"",IF(ISTEXT('October 2017'!G123),0,'October 2017'!G123))
A95: =IF(ISBLANK('October 2017'!A124),"",IF(ISTEXT('October 2017'!A124),0,'October 2017'!A124)) | B95: =IF(ISBLANK('October 2017'!G124),"",IF(ISTEXT('October 2017'!G124),0,'October 2017'!G124))
A96: =IF(ISBLANK('October 2017'!A125),"",IF(ISTEXT('October 2017'!A125),0,'October 2017'!A125)) | B96: =IF(ISBLANK('October 2017'!G125),"",IF(ISTEXT('October 2017'!G125),0,'October 2017'!G125))
A97: =IF(ISBLANK('October 2017'!#REF!),"",IF(ISTEXT('October 2017'!#REF!),0,'October 2017'!#REF!)) -> #REF! | B97: =IF(ISBLANK('October 2017'!#REF!),"",IF(ISTEXT('October 2017'!#REF!),0,'October 2017'!#REF!)) -> #REF!
A98: =IF(ISBLANK('October 2017'!A126),"",IF(ISTEXT('October 2017'!A126),0,'October 2017'!A126)) | B98: =IF(ISBLANK('October 2017'!G126),"",IF(ISTEXT('October 2017'!G126),0,'October 2017'!G126))
A99: =IF(ISBLANK('October 2017'!#REF!),"",IF(ISTEXT('October 2017'!#REF!),0,'October 2017'!#REF!)) -> #REF! | B99: =IF(ISBLANK('October 2017'!#REF!),"",IF(ISTEXT('October 2017'!#REF!),0,'October 2017'!#REF!)) -> #REF!
A100: =IF(ISBLANK('October 2017'!#REF!),"",IF(ISTEXT('October 2017'!#REF!),0,'October 2017'!#REF!)) -> #REF! | B100: =IF(ISBLANK('October 2017'!#REF!),"",IF(ISTEXT('October 2017'!#REF!),0,'October 2017'!#REF!)) -> #REF!
A101: =IF(ISBLANK('October 2017'!A127),"",IF(ISTEXT('October 2017'!A127),0,'October 2017'!A127)) | B101: =IF(ISBLANK('October 2017'!G127),"",IF(ISTEXT('October 2017'!G127),0,'October 2017'!G127))
...
